Workbook
Name Print_Area_0_0: 'MEDIÇÃO 3'!$A$12:$N$124
Name Print_Area_0_0_0: 'MEDIÇÃO 3'!$A$12:$N$121
Name Print_Area_0_0: 'MEMO CALCULO 03'!$A$1:$F$103

Sheet MEDIÇÃO 3
A1: PREFEITURA MUNICIPAL DE SO ROQUE DO CANA Estado do Esprito Santo SECRETARIA MUNICIPAL DE OBRAS E SERVIÇOS URBANOS – SETOR DE ENGENHARIA
A12: BOLETIM DE MEDIÇÃO 03 | K12: DATA: 19/08/2024
A14: OBRA: REFORMA UNIDADE BÁSICA DE SAÚDE “ETHEVALDO FRANCISCO ROLDI” (UBS SEDE) | D14: CONTRATO Nº: | F14: 056/2024 | H14: Assinatura: 08/05/2024 | K14: INÍCIO: | M14: 45426
K15: TÉRMINO: | M15: 45545
A16: LOCAL: RUA OLÍVIO PERINI, Nº 107, BAIRRO CINCO CASINHAS, SÃO ROQUE DO CANAÃ/ES | D16: PERÍODO: | F16: 45483 | H16: a | I16: 45514 | K16: PRAZO: | M16: 120 DIAS
A17: EMPREITEIRA: FABIO JULIO ENGENHARIA LTDA | F17: =I18 -> MEDIÇÃO 03 | I17: =L114 -> 73212.4 | K17: % MÊS: | L17: =H114 -> 0.18817766 | M17: % ACUM: | N17: =H115 -> 0.53557677
A18: ITEM | B18: ESPECIFICAÇÃO | C18: UNID. | D18: QUANT. | E18: PREÇO UNIT R$ | F18: ACUMULADO ANTERIOR | I18: MEDIÇÃO 03 | L18: TOTAL MEDIDO
F19: QUANT. | G19: TOTAL | H19: % | I19: QUANT. | J19: TOTAL | K19: % | L19: QUANT. | M19: TOTAL | N19: %
A20: 1 | B20: INSTALAÇÃO DO CANTEIRO DE OBRAS | J20: =SUM(J21:J22) -> 0 | M20: =SUM(M21:M22) -> 11375.726
A21: 1.1 | B21: Placa de obra nas dimensões de 2.0 x 4.0 m, padrão DER | C21: m2 | D21: 8 | E21: 403.48363 | F21: 8 | G21: =F21*E21 -> 3227.869 | H21: =F21/D21 -> 1 | J21: =I21*E21 -> 0 | K21: =I21/D21 -> 0 | L21: =F21+I21 -> 8 | M21: =G21+J21 -> 3227.869 | N21: =H21+K21 -> 1
A22: 1.2 | B22: Barracão para almoxarifado área de 10.90m2, de chapa de compensado de 12mm e pontalete 8x8cm, piso cimentado e cobertura de telhas de fibrocimento de 6mm, incl. ponto de luz, conf. projeto (1 utilização) | C22: m2 | D22: 10.9 | E22: 747.50985 | F22: 10.9 | G22: =F22*E22 -> 8147.8574 | H22: =F22/D22 -> 1 | J22: =I22*E22 -> 0 | K22: =I22/D22 -> 0 | L22: =F22+I22 -> 10.9 | M22: =G22+J22 -> 8147.8574 | N22: =H22+K22 -> 1
A23: 2 | B23: SERVIÇOS PRELIMINARES | J23: =SUM(J24:J40) -> 853.70649 | M23: =SUM(M24:M40) -> 14313.908
A24: 2.1 | B24: Demolição de alvenaria | C24: m3 | D24: 18.91 | E24: 70.267834 | F24: 18.91 | G24: =F24*E24 -> 1328.7647 | H24: =F24/D24 -> 1 | J24: =I24*E24 -> 0 | K24: =I24/D24 -> 0 | L24: =F24+I24 -> 18.91 | M24: =G24+J24 -> 1328.7647 | N24: =H24+K24 -> 1
A25: 2.2 | B25: Lixamento de parede com pintura antiga PVA para recebimento de nova camada de tinta | C25: m2 | D25: 463.58 | E25: 4.414669 | F25: 463.58 | G25: =F25*E25 -> 2046.5523 | H25: =F25/D25 -> 1 | J25: =I25*E25 -> 0 | K25: =I25/D25 -> 0 | L25: =F25+I25 -> 463.58 | M25: =G25+J25 -> 2046.5523 | N25: =H25+K25 -> 1
A26: 2.3 | B26: Retirada de bancada de pia | C26: m2 | D26: 8.88 | E26: 29.068333 | F26: 8.88 | G26: =F26*E26 -> 258.1268 | H26: =F26/D26 -> 1 | J26: =I26*E26 -> 0 | K26: =I26/D26 -> 0 | L26: =F26+I26 -> 8.88 | M26: =G26+J26 -> 258.1268 | N26: =H26+K26 -> 1
A27: 2.4 | B27: Retirada de portas e janelas de madeira, inclusive batentes | C27: m2 | D27: 15.96 | E27: 18.734828 | F27: 15.96 | G27: =F27*E27 -> 299.00785 | H27: =F27/D27 -> 1 | J27: =I27*E27 -> 0 | K27: =I27/D27 -> 0 | L27: =F27+I27 -> 15.96 | M27: =G27+J27 -> 299.00785 | N27: =H27+K27 -> 1
A28: 2.5 | B28: Retirada de revestimento antigo em reboco | C28: m2 | D28: 63.43 | E28: 11.715382 | F28: 63.43 | G28: =F28*E28 -> 743.10668 | H28: =F28/D28 -> 1 | J28: =I28*E28 -> 0 | K28: =I28/D28 -> 0 | L28: =F28+I28 -> 63.43 | M28: =G28+J28 -> 743.10668 | N28: =H28+K28 -> 1
B29: Retirada de rodapé de madeira ou cerâmica | C29: m | D29: 252.38 | E29: 2.727067 | F29: 51 | G29: =F29*E29 -> 139.08042 | H29: =F29/D29 -> 0.20207623 | I29: 120 | J29: =I29*E29 -> 327.24804 | K29: =I29/D29 -> 0.47547349 | L29: =F29+I29 -> 171 | M29: =G29+J29 -> 466.32846 | N29: =H29+K29 -> 0.67754973
A30: 2.6 | B30: Retirada de esquadrias metálicas | C30: m2 | D30: 7.8 | E30: 11.715382 | F30: 7.8 | G30: =F30*E30 -> 91.37998 | H30: =F30/D30 -> 1 | J30: =I30*E30 -> 0 | K30: =I30/D30 -> 0 | L30: =F30+I30 -> 7.8 | M30: =G30+J30 -> 91.37998 | N30: =H30+K30 -> 1
A31: 2.7 | B31: Retirada de torneiras e registros | C31: und | D31: 1 | E31: 12.815992 | F31: 1 | G31: =F31*E31 -> 12.815992 | H31: =F31/D31 -> 1 | J31: =I31*E31 -> 0 | K31: =I31/D31 -> 0 | L31: =F31+I31 -> 1 | M31: =G31+J31 -> 12.815992 | N31: =H31+K31 -> 1
A32: 2.8 | B32: Retirada de caixas/quadros elétricos | C32: und | D32: 2 | E32: 17.401867 | F32: 2 | G32: =F32*E32 -> 34.803734 | H32: =F32/D32 -> 1 | J32: =I32*E32 -> 0 | K32: =I32/D32 -> 0 | L32: =F32+I32 -> 2 | M32: =G32+J32 -> 34.803734 | N32: =H32+K32 -> 1
A33: 2.9 | B33: Retirada de pontos elétricos (luminárias, interruptores e tomadas) | C33: und | D33: 1 | E33: 12.815992 | F33: 1 | G33: =F33*E33 -> 12.815992 | H33: =F33/D33 -> 1 | J33: =I33*E33 -> 0 | K33: =I33/D33 -> 0 | L33: =F33+I33 -> 1 | M33: =G33+J33 -> 12.815992 | N33: =H33+K33 -> 1
A34: 2.10 | B34: Demolição de piso granilite | C34: m2 | D34: 319.3 | E34: 32.516911 | F34: 210 | G34: =F34*E34 -> 6828.5513 | H34: =F34/D34 -> 0.65768869 | J34: =I34*E34 -> 0 | K34: =I34/D34 -> 0 | L34: =F34+I34 -> 210 | M34: =G34+J34 -> 6828.5513 | N34: =H34+K34 -> 0.65768869
A35: 2.11 | B35: Abertura e fechamento de rasgos em alvenaria, para passagem de tubulações, diâm. 11/4" a 2" | C35: m | D35: 7.6 | E35: 22.427986 | F35: 7.6 | G35: =F35*E35 -> 170.45269 | H35: =F35/D35 -> 1 | J35: =I35*E35 -> 0 | K35: =I35/D35 -> 0 | L35: =F35+I35 -> 7.6 | M35: =G35+J35 -> 170.45269 | N35: =H35+K35 -> 1
A36: 2.12 | B36: Apicoamento de superfície com revestimento em argamassa | C36: m2 | D36: 36.85 | E36: 11.715382 | F36: 36.85 | G36: =F36*E36 -> 431.71183 | H36: =F36/D36 -> 1 | J36: =I36*E36 -> 0 | K36: =I36/D36 -> 0 | L36: =F36+I36 -> 36.85 | M36: =G36+J36 -> 431.71183 | N36: =H36+K36 -> 1
A37: 2.13 | B37: Remoção de vidro temperado fixado em perfil u. | C37: m2 | D37: 5.52 | E37: 15.462348 | F37: 5.52 | G37: =F37*E37 -> 85.352159 | H37: =F37/D37 -> 1 | J37: =I37*E37 -> 0 | K37: =I37/D37 -> 0 | L37: =F37+I37 -> 5.52 | M37: =G37+J37 -> 85.352159 | N37: =H37+K37 -> 1
A38: 2.14 | B38: Remoção de telhas, de fibrocimento, metálica e cerâmica, de forma manual, sem reaproveitamento | C38: m2 | D38: 182.62 | E38: 3.3727582 | F38: 182.62 | G38: =F38*E38 -> 615.9331 | H38: =F38/D38 -> 1 | J38: =I38*E38 -> 0 | K38: =I38/D38 -> 0 | L38: =F38+I38 -> 182.62 | M38: =G38+J38 -> 615.9331 | N38: =H38+K38 -> 1
A39: 2.15 | B39: Lixamento de madeira para aplicação de fundo ou pintura | C39: m2 | D39: 73.07 | E39: 2.274594 | F39: 73.07 | G39: =F39*E39 -> 166.20458 | H39: =F39/D39 -> 1 | J39: =I39*E39 -> 0 | K39: =I39/D39 -> 0 | L39: =F39+I39 -> 73.07 | M39: =G39+J39 -> 166.20458 | N39: =H39+K39 -> 1
A40: 2.16 | B40: Remoção de forro de gesso, de forma manual, sem reaproveitamento | C40: m2 | D40: 369.11 | E40: 3.008334 | F40: 65 | G40: =F40*E40 -> 195.54171 | H40: =F40/D40 -> 0.17609927 | I40: 175 | J40: =I40*E40 -> 526.45845 | K40: =I40/D40 -> 0.47411341 | L40: =F40+I40 -> 240 | M40: =G40+J40 -> 722.00016 | N40: =H40+K40 -> 0.65021267
A41: 3 | B41: PAREDES E PAINÉIS | J41: =SUM(J42:J44) -> 1684.6865 | M41: =SUM(M42:M44) -> 7327.5793
A42: 3.1 | B42: Alvenaria de blocos cerâmicos 10 furos 10x20x20cm, assentados c/argamassa de cimento, cal hidratada CH1 e areia traço 1:0,5:8, esp. das juntas 12mm e esp. das paredes s/revestimento, 10cm (bloco comprado na fábrica, posto obra) | C42: m2 | D42: 46.94 | E42: 80.258927 | F42: 46.94 | G42: =F42*E42 -> 3767.354 | H42: =F42/D42 -> 1 | J42: =I42*E42 -> 0 | K42: =I42/D42 -> 0 | L42: =F42+I42 -> 46.94 | M42: =G42+J42 -> 3767.354 | N42: =H42+K42 -> 1
A43: 3.2 | B43: Verga/contraverga reta de concreto armado 10 x 5 cm, Fck = 15 MPa, inclusive forma, armação e desforma | C43: m | D43: 7.6 | E43: 11.409657 | F43: 3.8 | G43: =F43*E43 -> 43.356697 | H43: =F43/D43 -> 0.5 | I43: 3.8 | J43: =I43*E43 -> 43.356697 | K43: =I43/D43 -> 0.5 | L43: =F43+I43 -> 7.6 | M43: =G43+J43 -> 86.713393 | N43: =H43+K43 -> 1
A44: 3.3 | B44: Parede com placas de gesso acartonado (DRYWALL), para uso interno, com duas faces simples e estrutura metálica com guias duplas, com vãos. | C44: m2 | D44: 28.05 | E44: 190.8523 | F44: 9.6 | G44: =F44*E44 -> 1832.1821 | H44: =F44/D44 -> 0.34224599 | I44: 8.6 | J44: =I44*E44 -> 1641.3298 | K44: =I44/D44 -> 0.30659537 | L44: =F44+I44 -> 18.2 | M44: =G44+J44 -> 3473.5118 | N44: =H44+K44 -> 0.64884135
A45: 4 | B45: ESQUADRIAS DE MADEIRA | J45: =SUM(J46:J49) -> 4305.3699 | M45: =SUM(M46:M49) -> 15524.005
A46: 4.1 | B46: Marco de madeira de lei de 1ª (Peroba, Ipê, Angelim Pedra ou equivalente) com 15x3 cm de batente, nas dimensões de 0.80 x 2.10 m | C46: und | D46: 5 | E46: 489.58801 | F46: 2 | G46: =F46*E46 -> 979.17603 | H46: =F46/D46 -> 0.4 | I46: 2 | J46: =I46*E46 -> 979.17603 | K46: =I46/D46 -> 0.4 | L46: =F46+I46 -> 4 | M46: =G46+J46 -> 1958.3521 | N46: =H46+K46 -> 0.8
A47: 4.2 | B47: Recolocação de porta em madeira de lei tipo angelim pedra ou equiv.c/enchimento em madeira 1a.qualidade esp. 30mm p/ pintura, inclusive alizares, dobradiças e fechadura externa em latão cromado LaFonte ou equiv., exclusive marco e porta, nas dim.: 0.80 x 2.10 m | C47: und. | D47: 5 | E47: 1108.7313 | F47: 2 | G47: =F47*E47 -> 2217.4626 | H47: =F47/D47 -> 0.4 | I47: 3 | J47: =I47*E47 -> 3326.1938 | K47: =I47/D47 -> 0.6 | L47: =F47+I47 -> 5 | M47: =G47+J47 -> 5543.6564 | N47: =H47+K47 -> 1
A48: 4.3 | B48: Porta radiológica em mad/mad de lei, p/pintura, dim: 0,92x2,12m, laminado de chumbo embutido, e=2mm, dobradiças reforçadas, fechadura autoblocante, marca Arouca, ref.: 108449/40-Z-ZCE ou similar, maçaneta tipo alavanca, inclusive batentes de madeira. | C48: und. | D48: 1 | E48: 7560.2542 | F48: 1 | G48: =F48*E48 -> 7560.2542 | H48: =F48/D48 -> 1 | J48: =I48*E48 -> 0 | K48: =I48/D48 -> 0 | L48: =F48+I48 -> 1 | M48: =G48+J48 -> 7560.2542 | N48: =H48+K48 -> 1
A49: 4.4 | B49: Recolocação de Porta de madeira compensada lisa para pintura, 120x210x3,5cm, 2 folhas , incluso aduela 2a, alizar 2a e dobradiças, exclusive porta. | C49: und. | D49: 1 | E49: 461.74258 | F49: 1 | G49: =F49*E49 -> 461.74258 | H49: =F49/D49 -> 1 | J49: =I49*E49 -> 0 | K49: =I49/D49 -> 0 | L49: =F49+I49 -> 1 | M49: =G49+J49 -> 461.74258 | N49: =H49+K49 -> 1
A50: 5 | B50: VIDROS | J50: =SUM(J51:J51) -> 708.11184 | M50: =SUM(M51:M51) -> 708.11184
A51: 5.1 | B51: Instalação de vidro temperado, e = 10 mm, encaixado em perfil u | C51: m2 | D51: 5.52 | E51: 566.48947 | F51: 0 | G51: =F51*E51 -> 0 | H51: =F51/D51 -> 0 | I51: 1.25 | J51: =I51*E51 -> 708.11184 | K51: =I51/D51 -> 0.22644928 | L51: =F51+I51 -> 1.25 | M51: =G51+J51 -> 708.11184 | N51: =H51+K51 -> 0.22644928
A52: 6 | B52: REVESTIMENTOS | J52: =SUM(J53:J57) -> 1956.939 | M52: =SUM(M53:M57) -> 21046.771
A53: 6.1 | B53: Chapisco de argamassa de cimento e areia média ou grossa lavada, no traço 1:3, espessura 5 mm | C53: m2 | D53: 92.24 | E53: 8.584758 | F53: 92.24 | G53: =F53*E53 -> 791.85808 | H53: =F53/D53 -> 1 | J53: =I53*E53 -> 0 | K53: =I53/D53 -> 0 | L53: =F53+I53 -> 92.24 | M53: =G53+J53 -> 791.85808 | N53: =H53+K53 -> 1
A54: 6.2 | B54: Reboco tipo paulista de argamassa de cimento, cal hidratada CH1 e areia média ou grossa lavada no traço 1:0.5:6, espessura 25 mm | C54: m2 | D54: 86.36 | E54: 70.365666 | F54: 86.36 | G54: =F54*E54 -> 6076.7789 | H54: =F54/D54 -> 1 | J54: =I54*E54 -> 0 | K54: =I54/D54 -> 0 | L54: =F54+I54 -> 86.36 | M54: =G54+J54 -> 6076.7789 | N54: =H54+K54 -> 1
A55: 6.3 | B55: Emboço de argamassa de cimento, cal hidratada CH1 e areia média ou grossa lavada no traço 1:0.5:6, espessura 20 mm | C55: m2 | D55: 36.85 | E55: 41.33402 | F55: 36.85 | G55: =F55*E55 -> 1523.1586 | H55: =F55/D55 -> 1 | J55: =I55*E55 -> 0 | K55: =I55/D55 -> 0 | L55: =F55+I55 -> 36.85 | M55: =G55+J55 -> 1523.1586 | N55: =H55+K55 -> 1
A56: 6.4 | B56: Azulejo branco 15 x 15 cm, juntas a prumo, assentado com argamassa de cimento colante, inclusive rejuntamento com cimento branco, marcas de referência Eliane, Cecrisa ou Portobello | C56: m2 | D56: 36.85 | E56: 116.13881 | F56: 20 | G56: =F56*E56 -> 2322.7763 | H56: =F56/D56 -> 0.54274084 | I56: 16.85 | J56: =I56*E56 -> 1956.939 | K56: =I56/D56 -> 0.45725916 | L56: =F56+I56 -> 36.85 | M56: =G56+J56 -> 4279.7153 | N56: =H56+K56 -> 1
A57: 6.5 | B57: Revestimento com argamassa baritada - densidade = 3,2 g/cm³ - esp=2,0cm | C57: m2 | D57: 57.68 | E57: 145.20215 | F57: 57.68 | G57: =F57*E57 -> 8375.2599 | H57: =F57/D57 -> 1 | J57: =I57*E57 -> 0 | K57: =I57/D57 -> 0 | L57: =F57+I57 -> 57.68 | M57: =G57+J57 -> 8375.2599 | N57: =H57+K57 -> 1
A58: 7. | B58: PISO | J58: =SUM(J59:J61) -> 31547.644 | M58: =SUM(M59:M61) -> 46658.286
A59: 7.1 | B59: Piso cimentado liso com 1.5 cm de espessura, de argamassa de cimento e areia no traço 1:3 e juntas plásticas em quadros de 1 m | C59: m2 | D59: 319.3 | E59: 71.955436 | F59: 210 | G59: =F59*E59 -> 15110.642 | H59: =F59/D59 -> 0.65768869 | I59: 109.3 | J59: =I59*E59 -> 7864.7292 | K59: =I59/D59 -> 0.34231131 | L59: =F59+I59 -> 319.3 | M59: =G59+J59 -> 22975.371 | N59: =H59+K59 -> 1
A60: 7.2 | B60: Piso vinílico - flexível em manta, padrão liso, espessura 2mm, fixado com cola. | C60: m2 | D60: 383.16 | E60: 242.25783 | F60: 0 | G60: =F60*E60 -> 0 | H60: =F60/D60 -> 0 | I60: 76.63 | J60: =I60*E60 -> 18564.218 | K60: =I60/D60 -> 0.19999478 | L60: =F60+I60 -> 76.63 | M60: =G60+J60 -> 18564.218 | N60: =H60+K60 -> 0.19999478
A61: 7.3 | B61: Rodapé vinílico flexível em manta, altura 10 cm. | C61: m | D61: 304.98 | E61: 104.89133 | F61: 0 | G61: =F61*E61 -> 0 | H61: =F61/D61 -> 0 | I61: 48.8 | J61: =I61*E61 -> 5118.697 | K61: =I61/D61 -> 0.16001049 | L61: =F61+I61 -> 48.8 | M61: =G61+J61 -> 5118.697 | N61: =H61+K61 -> 0.16001049
A62: 8 | B62: INSTALAÇÕES HIDRO SANITÁRIAS | J62: =SUM(J64:J71) -> 4450.9616 | M62: =SUM(M64:M71) -> 4450.9616
A63: 8.1 | B63: APARELHOS HIDROSSANITÁRIOS
A64: 8.1 | B64: Cuba de aço inox n° 1(dim.460x300x150)mm, marcas de referência Franke, Strake, tramontina, inclusive válvula de metal 31/2" e sifão cromado 1 x 1/2", excl. torneira | C64: und | D64: 5 | E64: 807.92111 | F64: 0 | G64: =F64*E64 -> 0 | H64: =F64/D64 -> 0 | I64: 2 | J64: =I64*E64 -> 1615.8422 | K64: =I64/D64 -> 0.4 | L64: =F64+I64 -> 2 | M64: =G64+J64 -> 1615.8422 | N64: =H64+K64 -> 0.4
A65: 8.2 | B65: Bancada de granito com espessura de 2 cm | C65: m2 | D65: 8.35 | E65: 468.43185 | F65: 0 | G65: =F65*E65 -> 0 | H65: =F65/D65 -> 0 | I65: 2.35 | J65: =I65*E65 -> 1100.8148 | K65: =I65/D65 -> 0.28143713 | L65: =F65+I65 -> 2.35 | M65: =G65+J65 -> 1100.8148 | N65: =H65+K65 -> 0.28143713
A66: 8.2 | B66: TORNEIRAS, REGISTRO, VÁLVULAS E METAIS
A67: 8.2.1 | B67: Ponto de água fria (lavatório, tanque, pia de cozinha, etc...) | C67: pt | D67: 5 | E67: 133.44285 | F67: 0 | G67: =F67*E67 -> 0 | H67: =F67/D67 -> 0 | I67: 2 | J67: =I67*E67 -> 266.8857 | K67: =I67/D67 -> 0.4 | L67: =F67+I67 -> 2 | M67: =G67+J67 -> 266.8857 | N67: =H67+K67 -> 0.4
A68: 8.2.2 | B68: Ponto para esgoto secundário (pia, lavatório, mictório, tanque, bidê, etc...) | C68: pt | D68: 3 | E68: 122.88922 | F68: 0 | G68: =F68*E68 -> 0 | H68: =F68/D68 -> 0 | I68: 1 | J68: =I68*E68 -> 122.88922 | K68: =I68/D68 -> 0.33333333 | L68: =F68+I68 -> 1 | M68: =G68+J68 -> 122.88922 | N68: =H68+K68 -> 0.33333333
A69: 8.2.3 | B69: Sifão em PVC para pia de cozinha ou lavatório 1x11/2" | C69: und | D69: 1 | E69: 32.296789 | F69: 0 | G69: =F69*E69 -> 0 | H69: =F69/D69 -> 0 | I69: 1 | J69: =I69*E69 -> 32.296789 | K69: =I69/D69 -> 1 | L69: =F69+I69 -> 1 | M69: =G69+J69 -> 32.296789 | N69: =H69+K69 -> 1
A70: 8.2.4 | B70: Lavatório de louça branca com coluna, marcas de referência Deca, Celite ou Ideal Standard, inclusive sifão, válvula e engates cromados, exclusive torneira. | C70: und | D70: 1 | E70: 753.51429 | F70: 0 | G70: =F70*E70 -> 0 | H70: =F70/D70 -> 0 | I70: 1 | J70: =I70*E70 -> 753.51429 | K70: =I70/D70 -> 1 | L70: =F70+I70 -> 1 | M70: =G70+J70 -> 753.51429 | N70: =H70+K70 -> 1
A71: 8.2.5 | B71: Torneira pressão cromada diam. 1/2" para pia, marcas de referência Fabrimar, Deca ou Docol | C71: und | D71: 6 | E71: 279.35928 | F71: 0 | G71: =F71*E71 -> 0 | H71: =F71/D71 -> 0 | I71: 2 | J71: =I71*E71 -> 558.71855 | K71: =I71/D71 -> 0.33333333 | L71: =F71+I71 -> 2 | M71: =G71+J71 -> 558.71855 | N71: =H71+K71 -> 0.33333333
A72: 9 | B72: INSTALAÇÕES ELÉTRICAS | J72: =SUM(J73:J87) -> 0 | M72: =SUM(M73:M87) -> 14658.21
A73: 9.1 | B73: Ponto padrão de tomada 2 pólos mais terra - considerando eletroduto PVC rígido de 3/4" inclusive conexões (5.0m), fio isolado PVC de 2.5mm2 (16.5m) e caixa pvc 4x2" (1 und) | C73: und | D73: 32 | E73: 255.85514 | F73: 16 | G73: =F73*E73 -> 4093.6822 | H73: =F73/D73 -> 0.5 | J73: =I73*E73 -> 0 | K73: =I73/D73 -> 0 | L73: =F73+I73 -> 16 | M73: =G73+J73 -> 4093.6822 | N73: =H73+K73 -> 0.5
A74: 9.2 | B74: Tomada padrão brasileiro linha branca, NBR 14136 2 polos + terra 10A/250V, com placa 4x2" | C74: und | D74: 32 | E74: 45.345132 | F74: 16 | G74: =F74*E74 -> 725.52211 | H74: =F74/D74 -> 0.5 | J74: =I74*E74 -> 0 | K74: =I74/D74 -> 0 | L74: =F74+I74 -> 16 | M74: =G74+J74 -> 725.52211 | N74: =H74+K74 -> 0.5
A75: 9.3 | B75: Ponto padrão de luz no teto - considerando eletroduto PVC rígido de 3/4" inclusive conexões (4.5m), fio isolado PVC de 2.5mm2 (16.2m) e caixa PVC 4x4" (1 und) | C75: und | D75: 9 | E75: 252.06415 | F75: 5 | G75: =F75*E75 -> 1260.3207 | H75: =F75/D75 -> 0.55555556 | J75: =I75*E75 -> 0 | K75: =I75/D75 -> 0 | L75: =F75+I75 -> 5 | M75: =G75+J75 -> 1260.3207 | N75: =H75+K75 -> 0.55555556
A76: 9.4 | B76: Ponto padrão de interruptor de 1 tecla simples e 1 tomada dois pólos mais terra 10A/250V - considerando eletroduto PVC rígido de 3/4" inclusive conexões (4.5m), fio isolado PVC de 2.5mm2 (19.4m) e caixa PVC 4x2" (1 und) | C76: und | D76: 5 | E76: 269.18475 | F76: 2 | G76: =F76*E76 -> 538.3695 | H76: =F76/D76 -> 0.4 | J76: =I76*E76 -> 0 | K76: =I76/D76 -> 0 | L76: =F76+I76 -> 2 | M76: =G76+J76 -> 538.3695 | N76: =H76+K76 -> 0.4
A77: 9.5 | B77: Interruptor de uma tecla simples 10A/250V e uma tomada 3 polos 10A/250V, padrão brasileiro, NBR 14136, linha branca, com placa 4x2" | C77: und | D77: 5 | E77: 72.530199 | F77: 2 | G77: =F77*E77 -> 145.0604 | H77: =F77/D77 -> 0.4 | J77: =I77*E77 -> 0 | K77: =I77/D77 -> 0 | L77: =F77+I77 -> 2 | M77: =G77+J77 -> 145.0604 | N77: =H77+K77 -> 0.4
A78: 9.6 | B78: Luminaria sobrepor compl., corpo ch. aço pintada branca, refletor, aletas parabólicas alum.alta pureza e refletância inclusive 2 lâmpadas LED T8 9/10W temp. de cor 5000k c/ 60cm - Ref. CS216AL-N - AMES, 1261 - LUMAVI OU EQUIVALENTE | C78: und | D78: 9 | E78: 214.98582 | F78: 4 | G78: =F78*E78 -> 859.94328 | H78: =F78/D78 -> 0.44444444 | J78: =I78*E78 -> 0 | K78: =I78/D78 -> 0 | L78: =F78+I78 -> 4 | M78: =G78+J78 -> 859.94328 | N78: =H78+K78 -> 0.44444444
A79: 9.7 | B79: Quadro de distribuição de energia em PVC, de embutir, com 12 divisões modulares com barramento | C79: und | D79: 1 | E79: 284.37317 | F79: 1 | G79: =F79*E79 -> 284.37317 | H79: =F79/D79 -> 1 | J79: =I79*E79 -> 0 | K79: =I79/D79 -> 0 | L79: =F79+I79 -> 1 | M79: =G79+J79 -> 284.37317 | N79: =H79+K79 -> 1
A80: 9.8 | B80: Mini-Disjuntor monopolar 20 A, curva C - 5KA 220/127VCA (NBR IEC 60947-2), Ref. Siemens, GE, Schneider ou equivalente | C80: und | D80: 2 | E80: 26.854884 | F80: 2 | G80: =F80*E80 -> 53.709768 | H80: =F80/D80 -> 1 | J80: =I80*E80 -> 0 | K80: =I80/D80 -> 0 | L80: =F80+I80 -> 2 | M80: =G80+J80 -> 53.709768 | N80: =H80+K80 -> 1
A81: 9.9 | B81: Mini-Disjuntor bipolar 50 A, curva C - 5KA 220/127VCA (NBR IEC 60947-2), Ref. Siemens, GE, Schneider ou equivalente | C81: und | D81: 1 | E81: 94.823666 | F81: 1 | G81: =F81*E81 -> 94.823666 | H81: =F81/D81 -> 1 | J81: =I81*E81 -> 0 | K81: =I81/D81 -> 0 | L81: =F81+I81 -> 1 | M81: =G81+J81 -> 94.823666 | N81: =H81+K81 -> 1
A82: 9.10 | B82: Eletroduto de PVC rígido roscável, diâm. 1 1/4" (40mm), inclusive conexões | C82: m | D82: 23.4 | E82: 37.445198 | F82: 23.4 | G82: =F82*E82 -> 876.21763 | H82: =F82/D82 -> 1 | J82: =I82*E82 -> 0 | K82: =I82/D82 -> 0 | L82: =F82+I82 -> 23.4 | M82: =G82+J82 -> 876.21763 | N82: =H82+K82 -> 1
A83: 9.11 | B83: Cabo de cobre termoplástico (PVC) flexível isolado 450/750V, antichama BWF livre de chumbo, 70ºC ? 10,0mm2 | C83: m | D83: 160.2 | E83: 19.945499 | F83: 160.2 | G83: =F83*E83 -> 3195.2689 | H83: =F83/D83 -> 1 | J83: =I83*E83 -> 0 | K83: =I83/D83 -> 0 | L83: =F83+I83 -> 160.2 | M83: =G83+J83 -> 3195.2689 | N83: =H83+K83 -> 1
A84: 9.12 | B84: Ponto padrão de tomada para ar refrigerado - considerando eletroduto PVC rígido de 3/4" inclusive conexões (6.0m), fio isolado PVC de 4.0mm2 (21.6m) e caixa PVC 4x2" (1 und) | C84: und | D84: 3 | E84: 378.19405 | F84: 3 | G84: =F84*E84 -> 1134.5822 | H84: =F84/D84 -> 1 | J84: =I84*E84 -> 0 | K84: =I84/D84 -> 0 | L84: =F84+I84 -> 3 | M84: =G84+J84 -> 1134.5822 | N84: =H84+K84 -> 1
... A87: 9.15 | B87: Eletroduto flexível corrugado 3/4" , marca de referência TIGRE | C87: m | D87: 7.8 | E87: 10.370192 | F87: 7.8 | G87: =F87*E87 -> 80.887498 | H87: =F87/D87 -> 1 | J87: =I87*E87 -> 0 | K87: =I87/D87 -> 0 | L87: =F87+I87 -> 7.8 | M87: =G87+J87 -> 80.887498 | N87: =H87+K87 -> 1
A88: 10 | B88: PINTURA | J88: =SUM(J90:J94) -> 17559.602 | M88: =SUM(M90:M94) -> 29637.256
A89: 10.1 | B89: SOBRE PAREDES E FORROS
A90: 10.1.1 | B90: Emassamento de paredes e forros, com duas demãos de massa acrílica, marcas de referência Suvinil, Coral ou Metalatex | C90: m2 | D90: 561.47 | E90: 23.822092 | F90: 180 | G90: =F90*E90 -> 4287.9766 | H90: =F90/D90 -> 0.32058703 | I90: 230.02 | J90: =I90*E90 -> 5479.5576 | K90: =I90/D90 -> 0.4096746 | L90: =F90+I90 -> 410.02 | M90: =G90+J90 -> 9767.5342 | N90: =H90+K90 -> 0.73026163
A91: 10.1.2 | B91: Pintura, sobre paredes e forros, aplicação manual, com duas demãos de tinta esmalte sintético, referência Suvinil, Coral e Metalatex, inclusive uma demão de liquido selador PVA, referência Suvinil, Coral ou Metalatex ou equivalente | C91: m2 | D91: 561.47 | E91: 31.465217 | F91: 180 | G91: =F91*E91 -> 5663.7391 | H91: =F91/D91 -> 0.32058703 | I91: 230.02 | J91: =I91*E91 -> 7237.6292 | K91: =I91/D91 -> 0.4096746 | L91: =F91+I91 -> 410.02 | M91: =G91+J91 -> 12901.368 | N91: =H91+K91 -> 0.73026163
A92: 10.2 | B92: SOBRE MADEIRA
A93: 10.2.1 | B93: Emassamento de esquadrias e elementos de madeira, com duas demãos de massa à base água, referência Suvinil, Coral, Sherwin Williams ou equivalente, inclusive uma demão de fundo nivelador alquídico branco, referência Suvinil, Coral ou Metalatex ou equivalente | C93: m2 | D93: 73.07 | E93: 61.866511 | F93: 18 | G93: =F93*E93 -> 1113.5972 | H93: =F93/D93 -> 0.24633913 | I93: 41 | J93: =I93*E93 -> 2536.527 | K93: =I93/D93 -> 0.56110579 | L93: =F93+I93 -> 59 | M93: =G93+J93 -> 3650.1241 | N93: =H93+K93 -> 0.80744492
A94: 10.2.2 | B94: Pintura de esquadrias e elementos de madeira, aplicação manual, com duas demãos de tinta esmalte sintético referência Suvinil, Coral ou Metalatex, inclusive fundo branco nivelador, referência Suvinil, Coral e Metalatex ou equivalente | C94: m2 | D94: 73.07 | E94: 56.241171 | F94: 18 | G94: =F94*E94 -> 1012.3411 | H94: =F94/D94 -> 0.24633913 | I94: 41 | J94: =I94*E94 -> 2305.888 | K94: =I94/D94 -> 0.56110579 | L94: =F94+I94 -> 59 | M94: =G94+J94 -> 3318.2291 | N94: =H94+K94 -> 0.80744492
A95: 11 | B95: TETOS E FORROS | J95: =SUM(J96) -> 4776.5948 | M95: =SUM(M96) -> 4776.5948
A96: 11.1 | B96: Forro de gesso acabamento tipo liso | C96: m2 | D96: 369.11 | E96: 61.633481 | F96: 0 | G96: =F96*E96 -> 0 | H96: =F96/D96 -> 0 | I96: 77.5 | J96: =I96*E96 -> 4776.5948 | K96: =I96/D96 -> 0.20996451 | L96: =F96+I96 -> 77.5 | M96: =G96+J96 -> 4776.5948 | N96: =H96+K96 -> 0.20996451
A97: 12 | B97: REDE DE LÓGICA | J97: =SUM(J98:J101) -> 304.18415 | M97: =SUM(M98:M101) -> 304.18415
A98: 12.1 | B98: Espelho 4" x 2" com conector RJ 45 fêmea CAT. 5e | C98: und | D98: 7 | E98: 25.876564 | F98: 0 | G98: =F98*E98 -> 0 | H98: =F98/D98 -> 0 | I98: 3 | J98: =I98*E98 -> 77.629692 | K98: =I98/D98 -> 0.42857143 | L98: =F98+I98 -> 3 | M98: =G98+J98 -> 77.629692 | N98: =H98+K98 -> 0.42857143
A99: 12.2 | B99: Conector RJ 45 macho | C99: und | D99: 7 | E99: 13.867686 | F99: 0 | G99: =F99*E99 -> 0 | H99: =F99/D99 -> 0 | I99: 3 | J99: =I99*E99 -> 41.603058 | K99: =I99/D99 -> 0.42857143 | L99: =F99+I99 -> 3 | M99: =G99+J99 -> 41.603058 | N99: =H99+K99 -> 0.42857143
A100: 12.3 | B100: Fornecimento e instalação de Cabo de rede par trançado 4 pares Categoria 5e | C100: m | D100: 158 | E100: 4.867142 | F100: 0 | G100: =F100*E100 -> 0 | H100: =F100/D100 -> 0 | I100: 38 | J100: =I100*E100 -> 184.9514 | K100: =I100/D100 -> 0.24050633 | L100: =F100+I100 -> 38 | M100: =G100+J100 -> 184.9514 | N100: =H100+K100 -> 0.24050633
A101: 12.4 | B101: Switch 24 portas RJ-45 10/100 + 2 10/100/1000, inclusive fixação em Rack 19" | C101: und | D101: 1 | E101: 1242.234 | F101: 0 | G101: =F101*E101 -> 0 | H101: =F101/D101 -> 0 | J101: =I101*E101 -> 0 | K101: =I101/D101 -> 0 | L101: =F101+I101 -> 0 | M101: =G101+J101 -> 0 | N101: =H101+K101 -> 0
A102: 13 | B102: SERVIÇOS COMPLEMENTARES | J102: =SUM(J103:J108) -> 1746.3599 | M102: =SUM(M103:M108) -> 28145.876
A103: 13.1 | B103: Cobertura nova de telhas onduladas de fibrocimento 8.0mm, inclusive cumeeiras e acessórios de fixação | C103: m2 | D103: 182.62 | E103: 103.60409 | F103: 182.62 | G103: =F103*E103 -> 18920.179 | H103: =F103/D103 -> 1 | J103: =I103*E103 -> 0 | K103: =I103/D103 -> 0 | L103: =F103+I103 -> 182.62 | M103: =G103+J103 -> 18920.179 | N103: =H103+K103 -> 1
A104: 13.2 | B104: Limpeza geral da obra (edificação) | C104: m2 | D104: 328 | E104: 14.454678 | F104: 0 | G104: =F104*E104 -> 0 | H104: =F104/D104 -> 0 | J104: =I104*E104 -> 0 | K104: =I104/D104 -> 0 | L104: =F104+I104 -> 0 | M104: =G104+J104 -> 0 | N104: =H104+K104 -> 0
A105: 13.3 | B105: Rufo de chapa metálica nº 26 com largura de 30 cm | C105: m | D105: 167.06 | E105: 44.770369 | F105: 167.06 | G105: =F105*E105 -> 7479.3378 | H105: =F105/D105 -> 1 | J105: =I105*E105 -> 0 | K105: =I105/D105 -> 0 | L105: =F105+I105 -> 167.06 | M105: =G105+J105 -> 7479.3378 | N105: =H105+K105 -> 1
A106: 13.4 | B106: Índice de preço para remoção de entulho decorrente da execução de obras (Classe A CONAMA - NBR 10.004 - Classe II-B), incluindo aluguel da caçamba, carga, transporte e descarga em área licenciada | C106: m3 | D106: 56.834598 | E106: 92.891484 | F106: 0 | G106: =F106*E106 -> 0 | H106: =F106/D106 -> 0 | I106: 18.8 | J106: =I106*E106 -> 1746.3599 | K106: =I106/D106 -> 0.33078443 | L106: =F106+I106 -> 18.8 | M106: =G106+J106 -> 1746.3599 | N106: =H106+K106 -> 0.33078443
A107: 13.5 | B107: Letra em aço inox escovado/polido 40 x 40cm - instalado | C107: und | D107: 37 | E107: 241.71465 | F107: 0 | G107: =F107*E107 -> 0 | H107: =F107/D107 -> 0 | J107: =I107*E107 -> 0 | K107: =I107/D107 -> 0 | L107: =F107+I107 -> 0 | M107: =G107+J107 -> 0 | N107: =H107+K107 -> 0
A108: 13.6 | B108: Sinalizador para porta fabricados com base em plático leitoso e acrílico translúcido vermelho, com 02 lâmpadas (inclusa), acionada por reator convencional(incluso), alimentação 110V e 220V (c/ chave seletora) | C108: und | D108: 1 | E108: 279.6651 | F108: 0 | G108: =F108*E108 -> 0 | H108: =F108/D108 -> 0 | J108: =I108*E108 -> 0 | K108: =I108/D108 -> 0 | L108: =F108+I108 -> 0 | M108: =G108+J108 -> 0 | N108: =H108+K108 -> 0
A109: 14 | B109: ADMINISTRAÇÃO LOCAL | J109: =SUM(J110) -> 3318.1987 | M109: =SUM(M110) -> 9444.0036
A110: 14.1 | B110: Administração local | C110: und | D110: 1 | E110: 17633.33 | F110: 0.34739921 | G110: =F110*E110 -> 6125.805 | H110: =F110/D110 -> 0.34739921 | I110: 0.18817765 | J110: =I110*E110 -> 3318.1987 | K110: =I110/D110 -> 0.18817765 | L110: =F110+I110 -> 0.53557687 | M110: =G110+J110 -> 9444.0036 | N110: =H110+K110 -> 0.53557687
A111: TOTAIS | J111: =ROUND(J109+J102+J97+J95+J88+J72+J62+J58+J52+J50+J45+J41+J23+J20,1) -> 73212.4 | M111: =ROUND(M109+M102+M97+M95+M88+M72+M62+M58+M52+M50+M45+M41+M23+M20,1) -> 208371.5
A113: VALOR TOTAL DO CONTRATO | C113: 389060 | J113: POSIÇÃO FINANCEIRA DO CONTRATO
F114: =I18 -> MEDIÇÃO 03 | H114: =J111/C113 -> 0.18817766 | J114: =I18 -> MEDIÇÃO 03 | L114: =J111 -> 73212.4
...

Sheet MEMO CALCULO 03
B2: PREFEITURA MUNICIPAL DE SÃO ROQUE DO CANAÃ
B8: MEMÓRIA DE CÁLCULO 3ª MEDIÇÃO
B9: OBRA: REFORMA UNIDADE BÁSICA DE SAÚDE “ETHEVALDO FRANCISCO ROLDI” (UBS SEDE) | D9: DATA: 19/08/2024
B10: LOCAL:RUA OLÍVIO PERINI, Nº 107, BAIRRO CINCO CASINHAS, SÃO ROQUE DO CANAÃ/ES
B11: ITEM | C11: DESCRIÇÃO | D11: UND | E11: QUANT.
B12: 2 | C12: =VLOOKUP(B12,'MEDIÇÃO 3'!$A$20:$C$111,2,0) -> SERVIÇOS PRELIMINARES
C13: Retirada de rodapé de madeira ou cerâmica | D13: m | E13: 120
B14: Rodapé de cerêmica retirado: 120,00 m | D14: 120
B15: 2.16 | C15: =VLOOKUP(B15,'MEDIÇÃO 3'!$A$20:$C$111,2,0) -> Remoção de forro de gesso, de forma manual, sem reaproveitamento | D15: =VLOOKUP(B15,'MEDIÇÃO 3'!$A$20:$C$98,3,0) -> m2 | E15: =SUM(D16:D16) -> 175
B16: Área de remoção: 175,00 m² | D16: 175
B18: 3 | C18: =VLOOKUP(B18,'MEDIÇÃO 3'!$A$20:$C$111,2,0) -> PAREDES E PAINÉIS
B19: 3.2 | C19: =VLOOKUP(B19,'MEDIÇÃO 3'!$A$20:$C$111,2,0) -> Verga/contraverga reta de concreto armado 10 x 5 cm, Fck = 15 MPa, inclusive forma, armação e desforma | D19: =VLOOKUP(B19,'MEDIÇÃO 3'!$A$20:$C$98,3,0) -> m | E19: =SUM(D20) -> 3.8
B20: Verga/contravergas executada: 3,80 m | D20: 3.8
B21: 3.3 | C21: =VLOOKUP(B21,'MEDIÇÃO 3'!$A$20:$C$111,2,0) -> Parede com placas de gesso acartonado (DRYWALL), para uso interno, com duas faces simples e estrutura metálica com guias duplas, com vãos. | D21: =VLOOKUP(B21,'MEDIÇÃO 3'!$A$20:$C$98,3,0) -> m2 | E21: =SUM(D22) -> 8.6
B22: Parede de Drywall executada: 8,60 m² | D22: 8.6
B24: 4 | C24: =VLOOKUP(B24,'MEDIÇÃO 3'!$A$20:$C$111,2,0) -> ESQUADRIAS DE MADEIRA
B25: 4.1 | C25: =VLOOKUP(B25,'MEDIÇÃO 3'!$A$20:$C$111,2,0) -> Marco de madeira de lei de 1ª (Peroba, Ipê, Angelim Pedra ou equivalente) com 15x3 cm de batente, nas dimensões de 0.80 x 2.10 m | D25: =VLOOKUP(B25,'MEDIÇÃO 3'!$A$20:$C$98,3,0) -> und | E25: =SUM(D26:D26) -> 2
B26: Marco instalado: 2,00 und | D26: 2
B27: 4.2 | C27: =VLOOKUP(B27,'MEDIÇÃO 3'!$A$20:$C$111,2,0) -> Recolocação de porta em madeira de lei tipo angelim pedra ou equiv.c/enchimento em madeira 1a.qualidade esp. 30mm p/ pintura, inclusive alizares, dobradiças e fechadura externa em latão cromado LaFonte ou equiv., exclusive marco e porta, nas dim.: 0.80 x 2.10 m | D27: =VLOOKUP(B27,'MEDIÇÃO 3'!$A$20:$C$98,3,0) -> und. | E27: =SUM(D28:D28) -> 3
B28: Recolocação de portas: 3,00 und | D28: 3
B30: 5 | C30: VIDROS
B31: 5.1 | C31: Instalação de vidro temperado, e = 10 mm, encaixado em perfil u | D31: =VLOOKUP(B31,'MEDIÇÃO 3'!$A$20:$C$98,3,0) -> m2 | E31: 1.25
B32: Instalação de vidro temperado: 1,25m² | D32: 1.25
B34: 6 | C34: =VLOOKUP(B34,'MEDIÇÃO 3'!$A$20:$C$111,2,0) -> REVESTIMENTOS
B35: 6.4 | C35: =VLOOKUP(B35,'MEDIÇÃO 3'!$A$20:$C$111,2,0) -> Azulejo branco 15 x 15 cm, juntas a prumo, assentado com argamassa de cimento colante, inclusive rejuntamento com cimento branco, marcas de referência Eliane, Cecrisa ou Portobello | D35: =VLOOKUP(B35,'MEDIÇÃO 3'!$A$20:$C$98,3,0) -> m2 | E35: =D36 -> 16.85
B36: Azulejo assentado: 16,85 m² | D36: 16.85
B38: 7. | C38: =VLOOKUP(B38,'MEDIÇÃO 3'!$A$20:$C$111,2,0) -> PISO
B39: 7.1 | C39: =VLOOKUP(B39,'MEDIÇÃO 3'!$A$20:$C$111,2,0) -> Piso cimentado liso com 1.5 cm de espessura, de argamassa de cimento e areia no traço 1:3 e juntas plásticas em quadros de 1 m | D39: =VLOOKUP(B39,'MEDIÇÃO 3'!$A$20:$C$98,3,0) -> m2 | E39: =D40 -> 109.3
B40: Área: 109,30 m² | D40: 109.3
B41: 7.2 | C41: Piso vinílico - flexível em manta, padrão liso, espessura 2mm, fixado com cola. | D41: =VLOOKUP(B41,'MEDIÇÃO 3'!$A$20:$C$98,3,0) -> m2 | E41: 76.63
B42: Área: 76,63 m² | D42: 76.63
B43: 7.3 | C43: Rodapé vinílico flexível em manta, altura 10 cm. | D43: m | E43: =D44 -> 48.8
B44: Total: 48,80 m | D44: 48.8
B46: 8 | C46: =VLOOKUP(B46,'MEDIÇÃO 3'!$A$20:$C$111,2,0) -> INSTALAÇÕES HIDRO SANITÁRIAS
B47: 8.1 | C47: =VLOOKUP(B47,'MEDIÇÃO 3'!$A$20:$C$111,2,0) -> APARELHOS HIDROSSANITÁRIOS
B48: 8.1 | C48: Cuba de aço inox n° 1(dim.460x300x150)mm, marcas de referência Franke, Strake, tramontina, inclusive válvula de metal 31/2" e sifão cromado 1 x 1/2", excl. torneira | D48: und | E48: =D49 -> 2
B49: Unidade: 2,00 | D49: 2
B50: 8.2 | C50: Bancada de granito com espessura de 2 cm | D50: m² | E50: =D51 -> 2.35
B51: Área: 2,35 m² | D51: 2.35
B52: 8.2 | C52: TORNEIRAS, REGISTRO, VÁLVULAS E METAIS
B53: 8.2.1 | C53: Ponto de água fria (lavatório, tanque, pia de cozinha, etc…) | D53: pt | E53: =D54 -> 2
B54: Pontos: 2,00 | D54: 2
B55: 8.2.2 | C55: Ponto para esgoto secundário (pia, lavatório, mictório, tanque, bidê, etc…) | D55: pt | E55: =D56 -> 1
B56: Pontos: 1,00 | D56: 1
B57: 8.2.3 | C57: Sifão em PVC para pia de cozinha ou lavatório 1x11/2" | D57: =VLOOKUP(B57,'MEDIÇÃO 3'!$A$20:$C$98,3,0) -> und | E57: =D58 -> 1
B58: Unidade: 1,00 | D58: 1
B59: 8.2.4 | C59: Lavatório de louça branca com coluna, marcas de referência Deca, Celite ou Ideal Standard, inclusive sifão, válvula e engates cromados, exclusive torneira. | D59: =VLOOKUP(B59,'MEDIÇÃO 3'!$A$20:$C$98,3,0) -> und | E59: =D60 -> 1
B60: Unidade: 1,00 | D60: 1
B61: 8.2.5 | C61: Torneira pressão cromada diam. 1/2" para pia, marcas de referência Fabrimar, Deca ou Docol | D61: =VLOOKUP(B61,'MEDIÇÃO 3'!$A$20:$C$98,3,0) -> und | E61: =D62 -> 2
B62: Unidade: 2,00 | D62: 2
B64: 10 | C64: =VLOOKUP(B64,'MEDIÇÃO 3'!$A$20:$C$111,2,0) -> PINTURA
B65: 10.1 | C65: =VLOOKUP(B65,'MEDIÇÃO 3'!$A$20:$C$111,2,0) -> SOBRE PAREDES E FORROS
B66: 10.1.1 | C66: =VLOOKUP(B66,'MEDIÇÃO 3'!$A$20:$C$111,2,0) -> Emassamento de paredes e forros, com duas demãos de massa acrílica, marcas de referência Suvinil, Coral ou Metalatex | D66: =VLOOKUP(B66,'MEDIÇÃO 3'!$A$20:$C$110,3,0) -> m2 | E66: =SUM(D67) -> 230.02
B67: Área de paredes emassadas: 230,02 m² | D67: 230.02
B68: 10.1.2 | C68: =VLOOKUP(B68,'MEDIÇÃO 3'!$A$20:$C$111,2,0) -> Pintura, sobre paredes e forros, aplicação manual, com duas demãos de tinta esmalte sintético, referência Suvinil, Coral e Metalatex, inclusive uma demão de liquido selador PVA, referência Suvinil, Coral ou Metalatex ou equivalente | D68: =VLOOKUP(B68,'MEDIÇÃO 3'!$A$20:$C$110,3,0) -> m2 | E68: =SUM(D69) -> 230.02
B69: Área de pintura: 230,02 m² | D69: 230.02
B71: 10.2 | C71: =VLOOKUP(B71,'MEDIÇÃO 3'!$A$20:$C$111,2,0) -> SOBRE MADEIRA
B72: 10.2.1 | C72: =VLOOKUP(B72,'MEDIÇÃO 3'!$A$20:$C$111,2,0) -> Emassamento de esquadrias e elementos de madeira, com duas demãos de massa à base água, referência Suvinil, Coral, Sherwin Williams ou equivalente, inclusive uma demão de fundo nivelador alquídico branco, referência Suvinil, Coral ou Metalatex ou equivalente | D72: =VLOOKUP(B72,'MEDIÇÃO 3'!$A$20:$C$110,3,0) -> m2 | E72: =SUM(D73) -> 41
B73: Área de portas emassadas: 41,00 m² | D73: 41
B74: 10.2.2 | C74: =VLOOKUP(B74,'MEDIÇÃO 3'!$A$20:$C$111,2,0) -> Pintura de esquadrias e elementos de madeira, aplicação manual, com duas demãos de tinta esmalte sintético referência Suvinil, Coral ou Metalatex, inclusive fundo branco nivelador, referência Suvinil, Coral e Metalatex ou equivalente | D74: =VLOOKUP(B74,'MEDIÇÃO 3'!$A$20:$C$110,3,0) -> m2 | E74: =SUM(D75) -> 41
B75: Área de pintura: 41,00 m² | D75: 41
B77: 11 | C77: =VLOOKUP(B77,'MEDIÇÃO 3'!$A$20:$C$111,2,0) -> TETOS E FORROS
B78: 11.1 | C78: Forro de gesso acabamento tipo liso | D78: =VLOOKUP(B78,'MEDIÇÃO 3'!$A$20:$C$110,3,0) -> m2 | E78: =D79 -> 77.5
B79: Área instalada: 77,50 m² | D79: 77.5
B81: 12 | C81: =VLOOKUP(B81,'MEDIÇÃO 3'!$A$20:$C$111,2,0) -> REDE DE LÓGICA
B82: 12.1 | C82: Espelho 4" x 2" com conector RJ 45 fêmea CAT. 5e | D82: =VLOOKUP(B82,'MEDIÇÃO 3'!$A$20:$C$110,3,0) -> und | E82: =D83 -> 3
B83: Unidade instalada: 3,00 | D83: 3
B84: 12.2 | C84: Conector RJ 45 macho | D84: =VLOOKUP(B84,'MEDIÇÃO 3'!$A$20:$C$110,3,0) -> und | E84: =D85 -> 3
B85: Unidade instalada: 3,00 | D85: 3
B86: 12.3 | C86: Fornecimento e instalação de Cabo de rede par trançado 4 pares Categoria 5e | D86: =VLOOKUP(B86,'MEDIÇÃO 3'!$A$20:$C$110,3,0) -> m | E86: =D87 -> 38
B87: Quantidade instalada: 38,00 m | D87: 38
B89: 13 | C89: =VLOOKUP(B89,'MEDIÇÃO 3'!$A$20:$C$111,2,0) -> SERVIÇOS COMPLEMENTARES
B90: 13.4 | C90: Índice de preço para remoção de entulho decorrente da execução de obras (Classe A CONAMA - NBR 10.004 - Classe II-B), incluindo aluguel da caçamba, carga, transporte e descarga em área licenciada | D90: m³ | E90: =D91 -> 18.8
B91: Remoção de entulho: 18,80 m³ | D91: 18.8
B93: 14 | C93: =VLOOKUP(B93,'MEDIÇÃO 3'!$A$20:$C$111,2,0) -> ADMINISTRAÇÃO LOCAL
B94: 14.1 | C94: =VLOOKUP(B94,'MEDIÇÃO 3'!$A$20:$C$111,2,0) -> Administração local | D94: =VLOOKUP(B94,'MEDIÇÃO 3'!$A$20:$C$110,3,0) -> und | E94: =SUM(D95) -> 0.188
B95: (Valor 3ª Medição – Adm Local)/(Valor do Contrato – Adm Local) = 0,188177655 | D95: 0.188
C101: ____________________________________________
C102: PEDRO JAYME LANI JUNIOR
C103: Assessor de Planejamento
C104: Engenheiro Civil
C105: CREA ES 20109/D
C106: Fiscal da Obra
